 Dungeon Crawl Stone Soup version 0.24-a0-307-gf989941d98 (webtiles) character file.

Game seed: 5031757870362409675

725 Findor the Cudgeler (level 7, -2/72 HPs)
             Began as an Ogre Berserker on May 12, 2019.
             Was a Priest of Trog.
             Slain by a gnoll
             ... wielding a +0 halberd
              (10 damage)
             ... on level 5 of the Dungeon.
             The game lasted 00:07:15 (4825 turns).

Findor the Cudgeler (Ogre Berserker)                Turns: 4825, Time: 00:07:16

Health: -2/72      AC:  3    Str: 24    XL:     7   Next: 71%
Magic:  7/7        EV: 10    Int:  8    God:    Trog [***...]
Gold:   126        SH:  0    Dex:  8    Spells: 6/6 levels left

rFire    . . .     SeeInvis .   t - +0 flail (protect)
rCold    . . .     Gourm    .   (no shield)
rNeg     . . .     Faith    .   b - +0 animal skin
rPois    .         Spirit   .   (helmet restricted)
rElec    .         Reflect  .   (no cloak)
rCorr    .         Harm     .   (gloves unavailable)
MR       .....                  (boots unavailable)
Stlth    +.........             (no amulet)
HPRegen  0.22/turn              (no ring)
MPRegen  0.10/turn              (no ring)

@: lethally poisoned (-2 -> -5), berserk cooldown, slowed, glowing, very slow
A: large, unfitting armour, tough skin 1
a: Berserk, Trog's Hand, Renounce Religion


You were on level 5 of the Dungeon.
You worshipped Trog.
Trog was most pleased with you.
You were near starving.

You visited 1 branch of the dungeon, and saw 5 of its levels.

You collected 154 gold pieces.
You spent 28 gold pieces at shops.


Innate Abilities, Weirdness & Mutations

You are too large for most types of armour.
You have tough skin. (AC +1)


   Skills:
 + Level 5.1 Fighting
 * Level 7.0 Maces & Flails
 + Level 1.6 Armour
 + Level 3.5 Dodging


You had 6 spell levels left.
You didn't know any spells.
Your spell library was empty.

Inventory:

Hand Weapons
 a - a +0 mace
 q - a +2 whip of flaming
   (You found it on level 3 of the Dungeon)
 t - a +0 flail of protection (weapon)
   (You took it off an orc on level 4 of the Dungeon)
Missiles
 n - 26 poisoned darts (quivered)
Armour
 b - a +0 animal skin (worn)
Scrolls
 d - 2 scrolls of immolation {unknown}
 f - 2 scrolls of teleportation {unknown}
 g - 5 scrolls of identify {@r1}
 i - 5 scrolls of enchant armour {unknown}
 k - 2 scrolls of remove curse {@r2}
 m - a scroll of magic mapping {unknown}
 p - a scroll of noise {unknown}
 r - a scroll of amnesia {unknown}
Potions
 e - a potion of haste {unknown}
 j - a potion of lignification {!q}
 l - a potion of invisibility {unknown}
 o - a potion of flight {unknown}
 s - a potion of might {unknown}
 u - 2 potions of curing {@q1}
Comestibles
 c - 5 rations
 h - 3 chunks of flesh


Message History

Your Maces & Flails skill increases to level 7!
The hound barely misses you.
You hit the hound. The hound barely misses you.
You sock the hound!
You kill the hound!
Trog accepts your kill.
You are no longer berserk.
You are exhausted.
You feel yourself slow down. The gnoll barely misses you.
You hit the gnoll. The gnoll hits you with a +0 halberd.
The gnoll shaman calls upon its god to heal the gnoll.
The gnoll's wounds heal themselves!
You hit the gnoll. The gnoll hits you with a +0 halberd.
A gnoll sergeant comes into view. It is wielding a +2 spear of venom.
The gnoll sergeant shouts!
You sock the gnoll! The gnoll closely misses you.
The gnoll shaman hits you but does no damage.
The gnoll closely misses you.
You barely miss the gnoll. The gnoll shaman closely misses you.
The gnoll hits you with a +0 halberd!
You closely miss the gnoll.
The gnoll shaman hits you but does no damage.
The gnoll hits you with a +0 halberd!
The gnoll shaman hits you with a +0 club.
You closely miss the gnoll. The gnoll hits you with a +0 halberd!
* * * LOW HITPOINT WARNING * * *
The gnoll shaman calls upon its god to heal the gnoll.
The gnoll is healed somewhat.
The gnoll sergeant hits you but does no damage.
You are poisoned.
The gnoll closely misses you.
You closely miss the gnoll.
You feel sick.
The gnoll shaman hits you with a +0 club.
* * * LOW HITPOINT WARNING * * *
A gnoll comes into view. It is wielding a +0 whip.
The gnoll sergeant closely misses you. The gnoll hits you with a +0 halberd!
* * * LOW HITPOINT WARNING * * *
The gnoll shaman invokes the aid of its god against you.
You are outlined in light.
The gnoll sergeant completely misses you.
A gnoll comes into view.
Unknown command.
Okay, then.
Unknown command.
As you read the scroll labeled AFAUPS VAANN, it crumbles to dust.
You feel blessed for a moment.
It was a scroll of remove curse.
You are near starving!
The gnoll hits you with a +0 halberd!
You die...

##..###..#...........
#.....#..............
##............[......
#.....##..###.......
##.......># ###.....
##..†.†...##
##.#.....)...###
#...............
#.##..@g......# #..
#.g.......## #.
#.(..g...##
..........#
............#
#.........##....
.........## #g..
#.##..#.## g.


You could see a gnoll sergeant, a gnoll shaman and 3 gnolls.

Vanquished Creatures
  A sky beast (D:4)
  An ogre (D:5)
  A gnoll sergeant (D:5)
  A hound (D:5)
  Jessica (D:1)
  Natasha (thrice) (D:2)
  Terence (D:2)
  An iguana (D:4)
  3 worker ants
  A worker ant zombie (D:4)
  8 gnolls
  4 adders
  An adder skeleton (D:4)
  3 worms
  4 dart slugs
  A leopard gecko (D:3)
  6 orcs
  5 giant cockroaches
  14 goblins
  7 hobgoblins
  7 jackals
  A quokka (D:4)
  A ball python (D:1)
  12 bats
  3 frilled lizards
  8 kobolds
  12 rats
111 creatures vanquished.

Vanquished Creatures (others)
  An orc (D:4)
1 creature vanquished.

Grand Total: 112 creatures vanquished

Notes
Turn   | Place    | Note
-------+----------+-------------------------------------------
     0 | D:1      | Findor the Ogre Berserker began the quest for the Orb.
     0 | D:1      | Reached XP level 1. HP: 24/24 MP: 1/1
    59 | D:1      | Reached skill level 3 in Maces & Flails
   105 | D:1      | Reached XP level 2. HP: 17/32 MP: 2/2
   800 | D:1      | Reached XP level 3. HP: 39/39 MP: 3/3
  1248 | D:2      | Reached ** piety under Trog
  1265 | D:1      | Reached skill level 4 in Maces & Flails
  1479 | D:2      | Reached XP level 4. HP: 39/48 MP: 4/4
  1768 | D:2      | Noticed Jessica
  1775 | D:1      | Killed Jessica
  1945 | D:2      | Reached skill level 5 in Maces & Flails
  2179 | D:2      | Noticed Natasha
  2185 | D:2      | Reached XP level 5. HP: 53/54 MP: 5/5
  2191 | D:2      | Killed Natasha
  2340 | D:2      | Noticed Natasha
  2352 | D:2      | Killed Natasha
  2365 | D:2      | Noticed Natasha
  2380 | D:2      | Killed Natasha
  2663 | D:2      | Noticed Terence
  2677 | D:2      | Killed Terence
  2677 | D:2      | Reached XP level 6. HP: 62/62 MP: 6/6
  2912 | D:2      | Reached skill level 6 in Maces & Flails
  3341 | D:3      | Reached *** piety under Trog
  4009 | D:4      | Noticed a sky beast
  4026 | D:4      | Killed a sky beast
  4026 | D:4      | Reached skill level 3 in Dodging
  4026 | D:4      | Reached XP level 7. HP: 71/71 MP: 7/7
  4201 | D:4      | Reached skill level 1 in Armour
  4552 | D:4      | Found an opulent altar of Gozag.
  4676 | D:5      | Entered Level 5 of the Dungeon
  4738 | D:5      | Found Sata's General Store.
  4781 | D:5      | Bought a scroll of identify for 28 gold pieces
  4814 | D:5      | Reached skill level 7 in Maces & Flails
  4824 | D:5      | HP: 8/72 [gnoll/+0 halberd (11)]
  4825 | D:5      | Slain by a gnoll

Levels and vault maps discovered:
D:1:      dpeg_arrival_simpleton_b, layout_basic, minmay_hexomino_u4
D:2:      layout_loops_ring, chequers_serial_rivers_marsh, uniq_jessica,
          uniq_natasha, uniq_terence
D:3:      layout_rooms
D:4:      layout_loops_cross, kennysheep_mini, serial_glass, glass_columns_a,
          glass_columns_b, glass_columns_a
D:5:      layout_cave_pools, first_ration, serial_gnoll_camp,
          gnoll_camp_medium_02, gnoll_camp_mini_loothouse,
          gnoll_camp_huts_basic, gnoll_camp_mini_shop, gnoll_camp_mini_basic,
          gnoll_camp_mini_hut, chequers_serial_rivers_micro_a

Action                   |  1- 3 |  4- 6 |  7- 9 || total
-------------------------+-------+-------+-------++-------
Melee: Mace              |    91 |   176 |       ||   267
       Whip              |       |    36 |    17 ||    53
       Flail             |       |       |    39 ||    39
Invok: Berserk           |     4 |     7 |     3 ||    14
       Trog's Hand       |       |     4 |     3 ||     7
  Use: Potion            |     1 |     2 |       ||     3
       Scroll            |       |       |     1 ||     1
  Eat: Chunk             |     4 |    13 |     6 ||    23
       Ration            |       |     1 |       ||     1
Armor: Animal skin       |    29 |    59 |    11 ||    99
       Skin              |     4 |       |       ||     4
Dodge: Dodged            |    69 |   159 |    22 ||   250
